 Dungeon Crawl Stone Soup version 0.31-a0-1576-ga3383bade6 (webtiles) character file.

Game seed: 15349255694168616095

55 Borgoz the Trooper (level 3, 0/36 HPs)
             Began as a Gargoyle Berserker on Jan 4, 2024.
             Was a Follower of Trog.
             Slain by a gnoll
             ... wielding a +1 antimagic spear
              (1 damage)
             ... on level 2 of the Dungeon.
             The game lasted 00:00:59 (890 turns).

Borgoz the Trooper (Gargoyle Berserker)              Turns: 890, Time: 00:01:00

Health: 0/36       AC:  6    Str: 20    XL:     3   Next: 93%
Magic:  0/3        EV: 12    Int:  7    God:    Trog [*.....]
Gold:   74         SH:  0    Dex: 11    Spells: 2/2 levels left

rFire   . . .        a - +0 mace
rCold   . . .        (no shield)
rNeg    + . .        b - +0 animal skin
rPois   ∞            (no helmet)
rElec   +            (no cloak)
rCorr   .            (no gloves)
SInv    .            h - +0 pair of boots
Will    .....        (no amulet) Stlth
                     (no ring)
HPRegen 0.26/turn    (no ring)
MPRegen 0.08/turn

%: no passive effects
@: berserking, very quick
A: sickness immunity, AC +3, negative energy resistance 1, electricity
resistance, torment resistance 1, petrification resistance
a: Renounce Religion, Berserk


You were on level 2 of the Dungeon.
You worshipped Trog.
Trog was aware of your devotion.
You visited 1 branch of the dungeon, and saw 2 of its levels.

You collected 74 gold pieces.

Inventory:

Hand Weapons
 a - a +0 mace (weapon)
Armour
 b - a +0 animal skin (worn)
 h - a +0 pair of boots (worn)
Scrolls
 e - a scroll of acquirement {unknown}
 f - a scroll of noise {unknown}
 g - a scroll of fog
Potions
 d - 2 potions of degeneration


   Skills:
 + Level 3.8 Fighting
 + Level 3.4 Maces & Flails
 + Level 2.9 Armour
 + Level 2.1 Dodging


You had 2 spell levels left.
You didn't know any spells.
Your spell library was empty.

Dungeon Overview and Level Annotations

Branches:
Dungeon (2/15)

Altars:


Innate Abilities, Weirdness & Mutations

You are immune to sickness and miasma.
Your stone body is resilient. (AC +3)
You are immune to poison.
You resist negative energy. (rN+)
You are resistant to electric shocks. (rElec)
You are resistant to unholy torment.
You are immune to petrification.


Message History

A red film seems to cover your vision as you go berserk!
You feel yourself moving faster!
You feel mighty!
You can no longer call upon Trog for regeneration and willpower.
The gnoll hits you with a +0 whip. The gnoll hits you with a +0 spear.
The gnoll closely misses you.
You barely miss the gnoll.
The gnoll is moderately wounded.
The gnoll hits you but does no damage.
The gnoll hits you from afar with a +1 antimagic spear.
You feel your power leaking away.
You are too injured to fight recklessly!
You are too injured to fight recklessly!
You are too injured to fight recklessly!
You are too injured to fight recklessly!
You closely miss the gnoll.
The gnoll is moderately wounded.
The gnoll hits you with a +0 whip. The gnoll barely misses you.
The gnoll hits you but does no damage.
You sock the gnoll!
You kill the gnoll!
Trog accepts your kill. The gnoll hits you with a +0 whip.
The gnoll misses you.
The gnoll hits you from afar with a +1 antimagic spear!
* * * LOW HITPOINT WARNING * * *
You feel your power leaking away.
You hit the gnoll.
The gnoll is moderately wounded.
You thump the gnoll! You punch the gnoll.
You kill the gnoll!
Trog accepts your kill. The gnoll hits you but does no damage.
The gnoll hits you with a +0 whip!
* * * LOW HITPOINT WARNING * * *
You hit the gnoll.
The gnoll is severely wounded.
The gnoll hits you but does no damage. x2
You sock the gnoll!
You kill the gnoll!
Trog accepts your kill.
The gnoll hits you from afar with a +1 antimagic spear.
You die...

.># #.# #.####.##
#.#......
################.###..##
........................
#......#..#####.###..#.
#|.....#.............#.
#..........####.####.#.
#....)@##..# #..†...#.
#....))##..# #......#.
#...)g.##..# #......#.
........##..# #......#.
##......##..# #.######.
...#.#.###..# #.# #.
#....#. #..# #.# #.
#....#. #.# ####.
###+###....


You could see a gnoll.

Vanquished Creatures
  3 gnolls (D:2)
  An adder (D:2)
  A ball python (D:1)
  2 endoplasms (D:1)
  A hobgoblin (D:1)
  4 jackals (D:1)
  5 kobolds
  A quokka (D:1)
  5 bats
  2 frilled lizards
  2 rats
27 creatures vanquished.

Notes
Turn   | Place    | Note
-------+----------+-------------------------------------------
     0 | D:1      | Borgoz the Gargoyle Berserker began the quest for the Orb.
     0 | D:1      | Reached XP level 1. HP: 14/14 MP: 1/1
    78 | D:1      | Reached XP level 2. HP: 14/19 MP: 2/2
   817 | D:2      | Reached XP level 3. HP: 24/24 MP: 3/3
   858 | D:2      | Reached ** piety under Trog
   888 | D:2      | HP: 1/36 [gnoll/+0 whip (7)]
   890 | D:2      | Slain by a gnoll

Illustrated notes

Levels and vault maps discovered:
D:1:      lemuel_arrival_muddy, layout_loops_cross
D:2:      layout_basic, dreamdust_mushroom_princess

Skill      XL: |  1  2 |
---------------+-------+-----
Dodging        | 2 |  2.1
Fighting       | |  3.8
Maces & Flails | |  3.4
Armour         | |  2.9

Action                     || total
---------------------------++-------
  Melee: Mace              ||    58
         Punch             ||     2
 Invoke: Berserk           ||     1
    Use: Scroll            ||     2
 Armour: Animal skin       ||    49
  Dodge: Dodged            ||    43

Table legend: (Time is in decaauts)
 A = Elapsed time spent in this place.
 B = Non-inter-level travel time spent in this place.
 C = Inter-level travel time spent in this place.
 D = Time resting spent in this place.
 E = Time spent auto-exploring this place.
 F = Levels seen in this place.
 G = Mean time per level.
                   A        B        C        D        E       F      G
               +--------+--------+--------+--------+--------+-----+--------+
         Total |    901 |    876 |     25 |      0 |    735 |   2 |  450.5 |
       Dungeon |    901 |    876 |     25 |      0 |    735 |   2 |  450.5 |
               +--------+--------+--------+--------+--------+-----+--------+

Top non-repeatable levels by time:
     D:1: 801 daAuts
     D:2: 100 daAuts
